 Dungeon Crawl Stone Soup version 0.23.0 (webtiles) character file.

Game seed: 2126100118202455276

8107 catcat the Grappler (level 11, -1/100 HPs)
             Began as a Troll Fighter on Feb 23, 2019.
             Was a High Priest of Okawaru.
             Impaled on a porcupine's spines (7 damage)
             ... on level 1 of the Lair of Beasts.
             The game lasted 00:23:03 (7510 turns).

catcat the Grappler (Troll Fighter)                 Turns: 7510, Time: 00:23:04

Health: -1/100     AC:  8    Str: 31    XL:     11   Next: 5%
Magic:  8/10       EV: 14    Int:  4    God:    Okawaru [*****.]
Gold:   577        SH: 15    Dex: 12    Spells: 10/10 levels left

rFire    + . .     SeeInvis .     - Unarmed
rCold    . . .     Gourm    +   b - +1 shield
rNeg     . . .     Faith    .   A - +2 robe {MR+}
rPois    .         Spirit   .   (helmet restricted)
rElec    .         Reflect  .   o - scarf {cloud immunity}
rCorr    +         Harm     .   (gloves unavailable)
MR       +....                  (boots unavailable)
Stlth    +++.......             (no amulet)
HPRegen  0.66/turn              z - ring of protection from fire
MPRegen  0.12/turn              G - ring of resist corrosion

@: mighty, lethally poisoned (-1 -> -4), heroism
A: large, unfitting armour, claws 3, fast metabolism 3, gourmand, regeneration
1, shaggy fur 1, tough skin 3
a: Heroism, Finesse, Renounce Religion


You were on level 1 of the Lair of Beasts.
You worshipped Okawaru.
Okawaru was extremely pleased with you.
You were completely stuffed.

You visited 3 branches of the dungeon, and saw 10 of its levels.
You also visited: Sewer.

You collected 577 gold pieces.

Inventory:

Hand Weapons
 u - a +0 flail of protection
 x - a +2 flail of holy wrath
 y - a +0 morningstar
 E - a +0 morningstar of protection
Armour
 a - a +0 robe
 b - a +1 shield (worn)
 o - a scarf of cloud immunity (worn)
 r - a +0 robe
 A - a +2 robe of magic resistance (worn)
 L - the +0 robe of Defence {rF++ Int+5 Dex-2}
   (You found it on level 8 of the Dungeon)

   It affects your intelligence (+5).
   It affects your dexterity (-2).
   It greatly protects you from fire.
Jewellery
 z - a ring of protection from fire (left claw)
 G - a ring of resist corrosion (right claw)
Wands
 p - a wand of acid (36)
 I - a wand of flame (24)
Scrolls
 e - 2 scrolls of fear {unknown}
 f - a scroll of enchant armour
 i - 4 scrolls of fog
 k - 3 scrolls of identify
 l - 5 scrolls of remove curse
 n - 5 scrolls of teleportation
 B - a scroll of vulnerability
 D - a scroll of immolation
 F - a scroll of blinking
 J - a scroll of summoning {unknown}
 N - a scroll of magic mapping {unknown}
Potions
 c - a potion of might
 g - 4 potions of heal wounds
 h - 7 potions of curing
 j - a potion of cancellation
 m - 7 potions of brilliance
 q - a potion of flight
 s - a potion of magic
 t - 2 potions of lignification
 v - a potion of mutation
 w - 2 potions of agility
 H - a potion of invisibility
 K - 3 potions of degeneration {unknown}
 M - a potion of ambrosia {unknown}
Comestibles
 d - 20 rations
 C - 2 chunks of flesh


   Skills:
 + Level 4.2(9.2) Fighting
 + Level 4.2(9.2) Dodging
 - Level 9.0(14.0) Shields
 * Level 12.3(17.3) Unarmed Combat


You had 10 spell levels left.
You didn't know any spells.
Your spell library contained the following spells:

 Spells                   Type           Power        Failure   Level  Hunger
 Beastly Appendage        Tmut           #.....       50%         1    ##.....
 Sticks to Snakes         Tmut           #.......     65%         2    ###....
 Spider Form              Tmut/Pois      #.........   86%         3    ####...
 Ice Form                 Ice/Tmut       #.......     99%         4    #####..
 Blade Hands              Tmut           #.........   100%        5    ######.


Dungeon Overview and Level Annotations

Branches:
Dungeon (8/15)             Temple (1/1) D:5            Lair (1/6) D:8

Altars:
Ashenzari
Cheibriados
Dithmenos
Elyvilon
Fedhas
Gozag
Hepliaklqana
Kikubaaqudgha
Makhleb
Nemelex Xobeh
Okawaru
Qazlal
Ru
Sif Muna
Trog
Uskayaw
Vehumet
Wu Jian
Xom
Yredelemnul
Zin
The Shining One

Shops:
D:4 ?   D:7 =[

Annotations:
D:5 1 runed translucent door


Innate Abilities, Weirdness & Mutations

You are too large for most types of armour.
You have claws for hands.
Your metabolism is lightning-fast.
You like to eat raw meat.
Your natural rate of healing is unusually fast.
You are covered in fur. (AC +1)
You have extremely tough skin. (AC +3)


Message History

You feel sick.
You barely miss the wolf.
You feel sick. The wolf misses you.
You claw the wolf!
The wolf is severely wounded.
You feel sick. You block the wolf's attack.
You eviscerate the wolf!!!
You kill the wolf!
Okawaru accepts your kill.
You feel sick.
The porcupine twitches its whiskers.
You claw the porcupine!
The porcupine is heavily wounded.
The porcupine bites you.
* * * LOW HITPOINT WARNING * * *
You claw the porcupine!
The porcupine is almost dead.
You feel sick. The porcupine bites you.
* * * LOW HITPOINT WARNING * * *
You are struck by the porcupine's spines.
You die...

###.# #.## #. #..## ..#
#...### #.# ###...# #..
#########.# ##.# #..........
#P.############.......... ..
#######.##..r@.............÷..
..
...........########...........
.. ######.#### #..♣..♣........
⌠.# #÷# ###.♣.♣.♣........
...## ##h# #...♣♣..♣........
....## #F.# ##....♣.P.♣.......
.....## #..##
#..♣.♣.♣♣..♣####.#
......####h.#
#.♣♣♣♣♣♣.♣..###..#
........##r## #♣P♣ ♣♣....##P.#


You could see a porcupine.

Vanquished Creatures
  Pikel (D:5)
  A komodo dragon (Lair:1)
  A spiny frog (Lair:1)
  The ghost of TheOrbIsALie the Ruffian, a novice VSMo of Uskayaw (D:5)
  2 hippogriffs
  Sigmund (D:3)
  A wyvern (D:8)
  A steam dragon (D:8)
  Edmund (D:4)
  Menkaure (D:4)
  2 wargs (D:8)
  A water moccasin (Lair:1)
  3 sky beasts
  3 orc warriors
  A black bear (D:8)
  An ice beast (D:7)
  3 phantoms
  2 necrophages (D:7)
  5 ogres
  6 wolves (Lair:1)
  2 centaurs
  A crocodile (Lair:1)
  6 big kobolds
  6 bullfrogs
  A wyvern zombie (D:7)
  A gnoll sergeant (D:8)
  A scorpion (D:6)
  3 killer bees (D:8)
  10 wights
  3 crimson imps
  3 bullfrog zombies
  A howler monkey (D:4)
  A gnoll shaman (D:7)
  3 hounds
  2 jellies
  3 bullfrog skeletons
  4 orc priests
  12 orc wizards
  3 centaur skeletons
  Ijyb (D:4)
  3 iguanas
  2 worker ants
  2 hound skeletons
  A worker ant zombie (D:7)
  Robin (D:2)
  2 howler monkey skeletons
  8 gnolls
  16 adders
  3 river rats (Sewer)
  3 shadow imps
  An ooze (Sewer)
  An adder skeleton (D:5)
  An adder zombie (D:5)
  4 worms
  2 leopard geckos
  27 orcs
  11 ball pythons
  8 giant cockroaches
  18 goblins
  10 hobgoblins
  11 jackals
  21 kobolds
  3 quokkas
  7 bats
  6 frilled lizards
  A giant cockroach zombie (D:5)
  2 leopard gecko skeletons
  A quokka zombie (D:5)
  31 rats
312 creatures vanquished.

Vanquished Creatures (others)
  An orc (D:5)
  A kobold (D:2)
2 creatures vanquished.

Grand Total: 314 creatures vanquished

Notes
Turn   | Place    | Note
-------+----------+-------------------------------------------
     0 | D:1      | catcat the Troll Fighter began the quest for the Orb.
     0 | D:1      | Reached XP level 1. HP: 22/22 MP: 0/0
   135 | D:1      | Reached XP level 2. HP: 29/29 MP: 1/1
   155 | D:1      | Reached skill level 3 in Unarmed Combat
   651 | D:2      | Reached XP level 3. HP: 33/36 MP: 2/2
   810 | D:2      | Reached skill level 4 in Unarmed Combat
   870 | D:2      | Reached XP level 4. HP: 37/44 MP: 3/3
   908 | D:2      | Found a faded altar of an unknown god.
  1227 | D:2      | Noticed Robin
  1247 | D:2      | Killed Robin
  1293 | D:2      | Reached skill level 5 in Unarmed Combat
  1426 | D:2      | Found a sacrificial altar of Ru.
  1624 | D:3      | Noticed an ogre
  1631 | D:3      | Killed an ogre
  1631 | D:3      | Reached XP level 5. HP: 30/50 MP: 4/4
  1692 | D:3      | Reached skill level 6 in Unarmed Combat
  1704 | D:3      | Found a radiant altar of Vehumet.
  1814 | D:3      | Found an opulent altar of Gozag.
  1816 | D:3      | Found a shimmering altar of Xom.
  1816 | D:3      | Found a basalt altar of Yredelemnul.
  1818 | D:3      | Found an opulent altar of Gozag.
  1818 | D:3      | Found an iron altar of Okawaru.
  1818 | D:3      | Found an ancient bone altar of Kikubaaqudgha.
  2161 | D:3      | Noticed Sigmund
  2176 | D:3      | Killed Sigmund
  2176 | D:3      | Reached XP level 6. HP: 25/59 MP: 5/5
  2323 | D:3      | Reached skill level 7 in Unarmed Combat
  2474 | D:4      | Found Loci's Magic Scroll Shop.
  2518 | D:4      | Noticed Edmund
  2530 | D:4      | Killed Edmund
  2530 | D:4      | Reached XP level 7. HP: 60/66 MP: 6/6
  2546 | D:4      | Noticed Ijyb
  2553 | D:4      | Killed Ijyb
  2553 | D:4      | Reached skill level 8 in Unarmed Combat
  2620 | D:4      | Found a blossoming altar of Fedhas.
  2782 | D:4      | Noticed Menkaure
  2790 | D:4      | Killed Menkaure
  2813 | D:4      | Reached skill level 9 in Unarmed Combat
  2818 | D:4      | Found a glowing drain.
  2823 | Sewer    | Entered a sewer
  3093 | Sewer    | Reached XP level 8. HP: 45/74 MP: 7/7
  3259 | Sewer    | Reached skill level 10 in Unarmed Combat
  3628 | D:4      | Found a shattered altar of Ashenzari.
  3849 | D:5      | Entered Level 5 of the Dungeon
  3916 | D:5      | Found a staircase to the Ecumenical Temple.
  3930 | Temple   | Entered the Ecumenical Temple
  3984 | Temple   | Became a worshipper of Warmaster Okawaru
  4155 | D:5      | Reached skill level 11 in Unarmed Combat
  4164 | D:5      | Found an ornate altar of the Wu Jian Council.
  4333 | D:5      | Noticed Pikel
  4352 | D:5      | Killed Pikel
  4352 | D:5      | Reached * piety under Okawaru
  4352 | D:5      | Reached XP level 9. HP: 51/80 MP: 8/8
  4356 | D:5      | Reached skill level 5 in Shields
  4439 | D:5      | Found a runed translucent door.
  4439 | D:5      | Noticed TheOrbIsALie's ghost (novice VSMo)
  4472 | D:5      | Found a runed translucent door.
  4798 | D:5      | Killed TheOrbIsALie's ghost
  4798 | D:5      | Reached ** piety under Okawaru
  5491 | D:6      | Found an opulent altar of Gozag.
  5498 | D:6      | Found a shadowy altar of Dithmenos.
  5570 | D:7      | Reached *** piety under Okawaru
  5626 | D:7      | Found Diphes's Antique Armour Boutique.
  5684 | D:7      | Found Xipn's Jewellery Shoppe.
  5817 | D:7      | Reached XP level 10. HP: 64/88 MP: 9/9
  6083 | D:7      | Found a burning altar of Makhleb.
  6165 | D:7      | Reached **** piety under Okawaru
  6513 | D:8      | Found a staircase to the Lair.
  7021 | D:8      | Got a distressingly furry robe
  7032 | D:8      | Identified the cursed +0 robe of Defence {rF++ Int+5 Dex-2}
                  | (You found it on level 8 of the Dungeon)
  7184 | Lair:1   | Entered Level 1 of the Lair of Beasts
  7260 | Lair:1   | Reached skill level 12 in Unarmed Combat
  7437 | Lair:1   | Reached ***** piety under Okawaru
  7466 | Lair:1   | Noticed a spiny frog
  7499 | Lair:1   | Received a gift from Okawaru
  7499 | Lair:1   | Reached XP level 11. HP: 52/100 MP: 10/10
  7510 | Lair:1   | Impaled on a porcupine's spines

Skill      XL: |  1  2  3  4  5  6  7  8  9 10 |
---------------+-------------------------------+-----
Unarmed Combat | 3 4 5 6 7 9 11 12 | 12.3
Shields        | 4 8 9 |  9.0
Fighting       | 4 |  4.2
Dodging        | 4 |  4.2

Action                   |  1- 3 |  4- 6 |  7- 9 | 10-12 || total
-------------------------+-------+-------+-------+-------++-------
Melee: Unarmed           |   100 |   165 |   423 |   237 ||   925
Invok: Heroism           |       |       |       |     1 ||     1
  Use: Scroll            |       |       |     7 |    10 ||    17
       Potion            |       |       |       |     2 ||     2
 Stab: Sleeping          |       |       |     1 |       ||     1
  Eat: Chunk             |    10 |    19 |    31 |    15 ||    75
Armor: Robe              |    32 |    64 |   110 |    35 ||   241
Dodge: Dodged            |    29 |    54 |   110 |    58 ||   251
Block: Shield            |    36 |    68 |   185 |   167 ||   456
